 Dungeon Crawl Stone Soup version 0.28.0 (webtiles) character file.

Game seed: 18199286392174227108

3 mopl the Sneak (level 1, -3/16 HPs)
             Began as an Octopode Delver on Feb 14, 2022.
             Slain by a bullfrog zombie (4 damage)
             ... on level 5 of the Dungeon.
             The game lasted 00:00:44 (106 turns).

mopl the Sneak (Octopode Delver)                     Turns: 106, Time: 00:00:44

Health: -3/16      AC:  1    Str: 11    XL:     1   Next: 50%
Magic:  1/1        EV: 13    Int: 12    God:
Gold:   10         SH:  0    Dex: 13    Spells: 0/0 levels left

rFire   . . .      SeeInvis .   a - +0 falchion
rCold   . . .      Faith    .   (no shield)
rNeg    . . .      Spirit   .   (helmet restricted)
rPois   .          Reflect  .   (no amulet)
rElec   .          Harm     .   (no ring)
rCorr   .          Rampage  .   (no ring)
Will    .....                   (no ring)
Stlth   ++++......              (no ring)
HPRegen 0.05/turn               (no ring)
MPRegen 0.07/turn               (no ring)
                                (no ring)
                                (no ring)

@: no status effects
A: almost no armour, amphibious, 8 rings, camouflage 1, gelatinous body 1,
(nimble swimmer 1), tentacles
a: no special abilities


You were on level 5 of the Dungeon.
You visited 1 branch of the dungeon, and saw 1 of its levels.

You collected 10 gold pieces.

Inventory:

Hand Weapons
 a - a +0 falchion (weapon)
Wands
 f - a wand of digging (3)
 g - a wand of mindburst (16)
Scrolls
 b - a scroll of fog
 c - a scroll of magic mapping
 d - a scroll of fear
Potions
 e - a potion of haste


   Skills:
 + Level 3.0 Fighting
 * Level 2.1 Long Blades
 - Level 2.0 Dodging
 + Level 6.6 Stealth


You couldn't memorise any spells.
You didn't know any spells.
Your spell library was empty.

Dungeon Overview and Level Annotations

Branches:
Dungeon (5/15)
 Temple: D:4-7

Altars:


Innate Abilities, Weirdness & Mutations

You cannot wear most types of armour.
You are amphibious.
You can wear up to eight rings at the same time.
Your skin changes colour to match your surroundings (Stealth+).
Your rubbery body absorbs attacks. (AC +1, EV +1)
((You are camouflaged when in or above water. (Stealth+)))
You have tentacles for arms and can constrict up to eight enemies at once.


Message History

Found a stone staircase leading up.
There is a stone staircase leading up here.
You hear the slow rusting of a very distant drain.
Found a stone staircase leading up.
An adder skeleton comes into view.
There is a stone staircase leading up here.
The helpless adder skeleton fails to defend itself.
You slash the adder skeleton! Your grab misses the adder skeleton.
Your squeeze misses the adder skeleton.
The adder skeleton is heavily damaged.
The adder skeleton bites you.
You barely miss the adder skeleton. You grab the adder skeleton.
The adder skeleton is heavily damaged.
You constrict the adder skeleton. The adder skeleton barely misses you.
The adder skeleton bites you.
You hit the adder skeleton. You tentacle-slap the adder skeleton.
You squeeze the adder skeleton.
You destroy the adder skeleton!
Found 8 gold pieces and an inky potion.
Found 10 gold pieces.
An ogre comes into view. It is wielding a +0 giant club.
The ogre shouts!
A bullfrog zombie comes into view.
Found 10 gold pieces.
You see here 10 gold pieces.
You now have 10 gold pieces.
The bullfrog zombie barely misses you. The bullfrog zombie hits you.
The bullfrog zombie misses you. The bullfrog zombie barely misses you.
Found a sharpened ivory wand.
You hear the slow rusting of a very distant drain.
The bullfrog zombie completely misses you.
You see here a wand of mindburst (16).
g - a wand of mindburst (16)
The bullfrog zombie hits you!
* * * LOW HITPOINT WARNING * * *
The bullfrog zombie hits you but does no damage.
The bullfrog zombie hits you.
You die...

#.....#..... ...## #.# .
............ .... #.# #.
!...... ..###..# #.#
..###.....###.....## #.#
...#..###..#.......## #.#
.......#............# #.#
#.........#.....### #.# .
#.........##OZ.#######.#
..#......$..####@##......#
.......#..O..# #....######
...#..###..### ####.#
..###.##..## ###.# #.#
#.##.## #...# #.###.##.#
#.### .....<...# #.#
#.....#### #.# #.##### #.#


You could see an ogre and a bullfrog zombie.

Vanquished Creatures
  An adder skeleton (D:5)
1 creature vanquished.

Notes
Turn   | Place    | Note
-------+----------+-------------------------------------------
     0 | D:5      | mopl the Octopode Delver began the quest for the Orb.
     0 | D:5      | Reached XP level 1. HP: 16/16 MP: 1/1
    81 | D:5      | Noticed an ogre
   106 | D:5      | Slain by a bullfrog zombie

Illustrated notes

Levels and vault maps discovered:
D:5:      nicolae_cairo_tiling_large_dashed, layout_loops_ring,
          lemuel_doored_altar, portal_sewer_entry_b

Action                   || total
-------------------------++-------
Melee: Falchion          ||     3
       Constrict         ||     1
       Punch             ||     1
       Tentacles         ||     1
 Stab: Sleeping          ||     1
Armor: Skin              ||     1
Dodge: Dodged            ||     5
